| TOP OF THE 1ST |
|
Pittsburgh Pirates batting - Pitching for Philadelphia Phillies : LHP Larry McWilliams
|
|
Pitching: LHP Larry McWilliams
|
|
|
Batting: RHB Dan Gladden
|
0-0: Bunt missed! 0-1: Ground out 3-1 (Groundball, 34, EV 96.9 MPH)
|
|
Batting: SHB John Shelby
|
0-0: Ball 1-0: Ball 2-0: Ground out 6-3 (Groundball, 6, EV 80.0 MPH)
|
|
Batting: RHB Rennie Stennett
|
0-0: Ball 1-0: Fly out, F9 (Flyball, 89S, EV 94.4 MPH)
|
| Top of the 1st over - 0 runs, 0 hits, 0 errors, 0 left on base; Pittsburgh 0 - Philadelphia 0 |
| BOTTOM OF THE 1ST |
|
Philadelphia Phillies batting - Pitching for Pittsburgh Pirates : RHP Moose Haas
|
|
Pitching: RHP Moose Haas
|
|
|
Batting: RHB Paul Molitor
|
0-0: Ball 1-0: Called Strike 1-1: Swinging Strike 1-2: Ground out 5-3 (Groundball, 56, EV 90.6 MPH)
|
|
Batting: RHB Andy Ramirez
|
0-0: Ball 1-0: SINGLE (Line Drive, 6MD, EV 94.4 MPH)
|
|
Batting: LHB Tony Gwynn
|
0-0: Ball Andy Ramirez is caught stealing 2nd base 2-6 1-0: Called Strike 1-1: Foul Ball, location: 2F 1-2: Ball 2-2: Fly out, F4 (Line Drive, 4, EV 66.9 MPH)
|
| Bottom of the 1st over - 0 runs, 1 hit, 0 errors, 0 left on base; Pittsburgh 0 - Philadelphia 0 |
| TOP OF THE 2ND |
|
Pittsburgh Pirates batting - Pitching for Philadelphia Phillies : LHP Larry McWilliams
|
|
Batting: LHB Robert Lopez
|
0-0: Called Strike 0-1: Ball 1-1: Ball 2-1: Ball 3-1: Fly out, F9 (Flyball, 9S, EV 91.3 MPH)
|
|
Batting: LHB Greg Walker
|
0-0: Ball 1-0: Ball 2-0: Called Strike 2-1: Ball 3-1: SINGLE (Line Drive, 4MD, EV 98.8 MPH)
|
|
Batting: RHB Mike C Brown
|
0-0: Ball 1-0: DOUBLE (Line Drive, 7LM, EV 108.8 MPH) Greg Walker to third Runner from 3rd tries for Home, SAFE, throw by LF to home
|
|
Batting: SHB Ron Oester
|
0-0: Ball 1-0: Ball 2-0: Called Strike 2-1: Ball 3-1: SINGLE (Groundball, 4D, EV 108.1 MPH) Mike C Brown to third Runner from 3rd tries for Home, SAFE, throw by RF to home
|
|
Batting: RHB Frank Hunsaker
|
0-0: Ball 1-0: Grounds into double play, 1-6-3 (Groundball, 34S, EV 61.9 MPH)
|
| Top of the 2nd over - 2 runs, 3 hits, 0 errors, 0 left on base; Pittsburgh 2 - Philadelphia 0 |
| BOTTOM OF THE 2ND |
|
Philadelphia Phillies batting - Pitching for Pittsburgh Pirates : RHP Moose Haas
|
|
Batting: LHB Ken Phelps
|
0-0: Swinging Strike 0-1: Foul Ball, location: 2F 0-2: Foul Ball, location: 2F 0-2: Ball 1-2: SINGLE (Groundball, 5S, EV 65.0 MPH) (infield hit)
|
|
Batting: RHB Andre Dawson
|
0-0: Called Strike 0-1: Ball 1-1: Called Strike 1-2: Foul Ball, location: 2F 1-2: SINGLE (Line Drive, 34D, EV 96.3 MPH) Ken Phelps to second Runner from 2nd tries for 3rd, SAFE, throw by RF made to third
|
|
Batting: RHB Jody Davis
|
0-0: Ball 1-0: Ball Wild Pitch! Ken Phelps scores Andre Dawson to second 2-0: Swinging Strike 2-1: Ground out 4-3 (Groundball, 13, EV 86.9 MPH) Andre Dawson to third
|
|
Batting: RHB Dan Thomas
|
0-0: Called Strike 0-1: Ground out 4-3 (Groundball, 4S, EV 87.5 MPH) Andre Dawson scores
|
|
Batting: LHB Andy Guerrero
|
0-0: Called Strike 0-1: Ball 1-1: Foul Ball, location: 2F 1-2: Ball 2-2: Foul Ball, location: 2F 2-2: Foul Ball, location: 2F 2-2: Ball 3-2: Strikes out swinging
|
| Bottom of the 2nd over - 2 runs, 2 hits, 0 errors, 0 left on base; Pittsburgh 2 - Philadelphia 2 |
| TOP OF THE 3RD |
|
Pittsburgh Pirates batting - Pitching for Philadelphia Phillies : LHP Larry McWilliams
|
|
Batting: RHB Moose Haas
|
0-0: Ball 1-0: Swinging Strike 1-1: Called Strike 1-2: Ground out 5-3 (Groundball, 56, EV 88.1 MPH)
|
|
Batting: RHB Dan Gladden
|
0-0: Ball 1-0: Ball 2-0: Foul Ball, location: 2F 2-1: DOUBLE (Line Drive, 9LS, EV 96.3 MPH)
|
|
Batting: SHB John Shelby
|
0-0: Called Strike 0-1: SINGLE (Line Drive, 9S, EV 90.6 MPH) Dan Gladden to third Runner from 3rd tries for Home, SAFE, throw by RF to home
|
|
Batting: RHB Rennie Stennett
|
0-0: Ball John Shelby steals 2nd, throwing error, E2 John Shelby to third 1-0: SINGLE (Groundball, 56, EV 107.5 MPH) (infield hit) John Shelby scores
|
|
Batting: LHB Robert Lopez
|
0-0: Ball 1-0: Ball 2-0: Foul Ball, location: 2F 2-1: SINGLE (Groundball, 6S, EV 73.1 MPH) (infield hit) Rennie Stennett to second
|
|
Batting: LHB Greg Walker
|
0-0: Ball 1-0: Called Strike 1-1: Fielders Choice at 2nd, 3-6 (Groundball, 34, EV 100.6 MPH) Rennie Stennett to third
|
|
Batting: RHB Mike C Brown
|
0-0: Foul Ball, location: 2F 0-1: Ball 1-1: Ball 2-1: Foul Ball, location: 2F 2-2: Fly out, F7 (Flyball, 78D, EV 103.8 MPH)
|
| Top of the 3rd over - 2 runs, 4 hits, 1 error, 2 left on base; Pittsburgh 4 - Philadelphia 2 |
| BOTTOM OF THE 3RD |
|
Philadelphia Phillies batting - Pitching for Pittsburgh Pirates : RHP Moose Haas
|
|
Batting: LHB Larry McWilliams
|
0-0: Foul Ball, location: 2F 0-1: Ball 1-1: Foul Ball, location: 2F 1-2: Foul Ball, location: 2F 1-2: Reached on error, E1 (Groundball, P, EV 74.4 MPH)
|
|
Batting: RHB Paul Molitor
|
0-0: SINGLE (Groundball, 56S, EV 73.8 MPH) (infield hit) Larry McWilliams to second
|
|
Batting: RHB Andy Ramirez
|
0-0: Swinging Strike 0-1: DOUBLE (Flyball, 8LD, EV 95.0 MPH) Larry McWilliams scores Paul Molitor to third Runner from 3rd tries for Home, SAFE, throw by CF to home
|
|
Batting: LHB Tony Gwynn
|
0-0: Called Strike 0-1: Foul Ball, location: 2F 0-2: Ball 1-2: Foul Ball, location: 2F 1-2: Reached on error, E4 (Groundball, 4MD, EV 88.8 MPH) Andy Ramirez to third
|
|
Batting: LHB Ken Phelps
|
0-0: Ball 1-0: Fly out, F6 (Flyball, 56D, EV 90.0 MPH)
|
|
Batting: RHB Andre Dawson
|
0-0: Called Strike 0-1: Called Strike 0-2: Foul Ball, location: 2F 0-2: Grounds into double play, 4-6-3 (Groundball, 4, EV 80.0 MPH)
|
| Bottom of the 3rd over - 2 runs, 2 hits, 2 errors, 1 left on base; Pittsburgh 4 - Philadelphia 4 |
| TOP OF THE 4TH |
|
Pittsburgh Pirates batting - Pitching for Philadelphia Phillies : LHP Larry McWilliams
|
|
Batting: SHB Ron Oester
|
0-0: Swinging Strike 0-1: Ball 1-1: Called Strike 1-2: Ball 2-2: Ground out 1-3 (Groundball, 34S, EV 66.3 MPH)
|
|
Batting: RHB Frank Hunsaker
|
0-0: DOUBLE (Line Drive, 9LM, EV 106.9 MPH)
|
|
Batting: RHB Moose Haas
|
0-0: Ground out 4-3 (Groundball, 4, EV 88.8 MPH) Frank Hunsaker to third
|
|
Batting: RHB Dan Gladden
|
0-0: Fly out, F8 (Flyball, 89XD, EV 101.9 MPH)
|
| Top of the 4th over - 0 runs, 1 hit, 0 errors, 1 left on base; Pittsburgh 4 - Philadelphia 4 |
| BOTTOM OF THE 4TH |
|
Philadelphia Phillies batting - Pitching for Pittsburgh Pirates : RHP Moose Haas
|
|
Batting: RHB Jody Davis
|
0-0: Ball 1-0: Swinging Strike 1-1: SINGLE (Line Drive, 56D, EV 96.3 MPH)
|
|
Batting: RHB Dan Thomas
|
0-0: Ball 1-0: Called Strike 1-1: Ball 2-1: Foul Ball, location: 2F 2-2: Ball 3-2: Grounds into double play, 5-4-3 (Groundball, 56, EV 85.6 MPH)
|
|
Batting: LHB Andy Guerrero
|
0-0: Swinging Strike 0-1: Ball 1-1: Foul Ball, location: 2F 1-2: Ground out 6-3 (Groundball, 6S, EV 88.1 MPH)
|
| Bottom of the 4th over - 0 runs, 1 hit, 0 errors, 0 left on base; Pittsburgh 4 - Philadelphia 4 |
| TOP OF THE 5TH |
|
Pittsburgh Pirates batting - Pitching for Philadelphia Phillies : LHP Larry McWilliams
|
|
Batting: SHB John Shelby
|
0-0: Foul Ball, location: 2F 0-1: Ball 1-1: Ground out 5-3 (Groundball, 5S, EV 70.0 MPH)
|
|
Batting: RHB Rennie Stennett
|
0-0: Foul Ball, location: 2F 0-1: Ground out 4-3 (Groundball, 4, EV 89.4 MPH)
|
|
Batting: LHB Robert Lopez
|
0-0: SINGLE (Flyball, 7S, EV 91.3 MPH)
|
|
Batting: LHB Greg Walker
|
0-0: Ball 1-0: Ball 2-0: Foul Ball, location: 2F 2-1: Ball 3-1: Fly out, F7 (Flyball, 7LM, EV 89.4 MPH)
|
| Top of the 5th over - 0 runs, 1 hit, 0 errors, 1 left on base; Pittsburgh 4 - Philadelphia 4 |
| BOTTOM OF THE 5TH |
|
Philadelphia Phillies batting - Pitching for Pittsburgh Pirates : RHP Moose Haas
|
|
Batting: LHB Larry McWilliams
|
0-0: Called Strike 0-1: Foul Ball, location: 2F 0-2: Foul Ball, location: 2F 0-2: Strikes out looking
|
|
Batting: RHB Paul Molitor
|
0-0: Called Strike 0-1: Ball 1-1: Foul Ball, location: 2F 1-2: Ball 2-2: Foul Ball, location: 2F 2-2: Ball 3-2: SINGLE (Line Drive, 8RS, EV 100.6 MPH)
|
|
Batting: RHB Andy Ramirez
|
0-0: Called Strike 0-1: Foul Ball, location: 2F 0-2: SINGLE (Flyball, 8RS, EV 90.6 MPH) Paul Molitor to second Runner from 2nd tries for 3rd, SAFE, no throw by CF
|
|
Batting: LHB Tony Gwynn
|
0-0: Ball 1-0: Called Strike Andy Ramirez steals 2nd base (no throw) 1-1: Ball 2-1: Ball 3-1: Fly out, F9 (Flyball, 9S, EV 90.0 MPH)
|
|
Batting: LHB Ken Phelps
|
0-0: Called Strike 0-1: Called Strike 0-2: Ball 1-2: Fly out, F8 (Flyball, 8RXD, EV 90.6 MPH)
|
| Bottom of the 5th over - 0 runs, 2 hits, 0 errors, 2 left on base; Pittsburgh 4 - Philadelphia 4 |
| TOP OF THE 6TH |
|
Pittsburgh Pirates batting - Pitching for Philadelphia Phillies : LHP Larry McWilliams
|
|
Batting: RHB Mike C Brown
|
0-0: Foul Ball, location: 2F 0-1: Foul Ball, location: 2F 0-2: Ball 1-2: Ball 2-2: Ground out 6-3 (Groundball, 6, EV 100.6 MPH)
|
|
Batting: SHB Ron Oester
|
0-0: Swinging Strike 0-1: Foul Ball, location: 2F 0-2: Foul Ball, location: 2F 0-2: Ball 1-2: Ball 2-2: Ball 3-2: Ground out 4-3 (Groundball, 4MS, EV 82.5 MPH)
|
|
Batting: RHB Frank Hunsaker
|
0-0: SINGLE (Groundball, 56D, EV 99.4 MPH)
|
|
Batting: RHB Moose Haas
|
0-0: Ball 1-0: Fly out, F9 (Flyball, 9LS, EV 80.6 MPH)
|
| Top of the 6th over - 0 runs, 1 hit, 0 errors, 1 left on base; Pittsburgh 4 - Philadelphia 4 |
| BOTTOM OF THE 6TH |
|
Philadelphia Phillies batting - Pitching for Pittsburgh Pirates : RHP Moose Haas
|
|
Batting: RHB Andre Dawson
|
0-0: Ball 1-0: Ball 2-0: Called Strike 2-1: Ball 3-1: Base on Balls
|
|
Batting: RHB Jody Davis
|
0-0: Called Strike 0-1: Swinging Strike 0-2: Ball 1-2: Ball 2-2: Ball 3-2: Fielders Choice at 2nd, 1-6 (Groundball, 13S, EV 67.5 MPH)
|
|
Batting: RHB Dan Thomas
|
0-0: Ball 1-0: Foul Ball, location: 2F 1-1: Ball 2-1: Grounds into double play, 5-4-3 (Groundball, 56S, EV 77.5 MPH)
|
| Bottom of the 6th over - 0 runs, 0 hits, 0 errors, 0 left on base; Pittsburgh 4 - Philadelphia 4 |
| TOP OF THE 7TH |
|
Pittsburgh Pirates batting - Pitching for Philadelphia Phillies : LHP Larry McWilliams
|
|
Batting: RHB Dan Gladden
|
0-0: Called Strike 0-1: Swinging Strike 0-2: Ball 1-2: Ball 2-2: Hit by Pitch
|
|
Pitching: RHP Tom Hume
|
|
|
Now at 3B: Ivan de Jesus
|
|
|
Batting: SHB John Shelby
|
0-0: Called Strike 0-1: Foul Ball, location: 2F 0-2: Strikes out swinging
|
|
Batting: RHB Rennie Stennett
|
0-0: Ball 1-0: Fly out, F7 (Line Drive, 7, EV 108.8 MPH)
|
|
Batting: LHB Robert Lopez
|
0-0: Ball 1-0: Called Strike 1-1: Called Strike 1-2: Ball 2-2: 2-RUN HOME RUN (Flyball, 9D, EV 88.1 MPH), Distance : 386 ft
|
|
Batting: LHB Greg Walker
|
0-0: Called Strike 0-1: Called Strike 0-2: Strikes out swinging
|
| Top of the 7th over - 2 runs, 1 hit, 0 errors, 0 left on base; Pittsburgh 6 - Philadelphia 4 |
| BOTTOM OF THE 7TH |
|
Philadelphia Phillies batting - Pitching for Pittsburgh Pirates : RHP Moose Haas
|
|
Batting: LHB Andy Guerrero
|
0-0: Called Strike 0-1: Ground out 1-3 (Groundball, 15S, EV 68.1 MPH)
|
|
Batting: RHB Ivan de Jesus
|
0-0: Ground out 6-3 (Groundball, 6, EV 86.3 MPH)
|
|
Batting: RHB Paul Molitor
|
0-0: Ground out 6-3 (Groundball, 6, EV 78.8 MPH)
|
| Bottom of the 7th over - 0 runs, 0 hits, 0 errors, 0 left on base; Pittsburgh 6 - Philadelphia 4 |
| TOP OF THE 8TH |
|
Pittsburgh Pirates batting - Pitching for Philadelphia Phillies : RHP Tom Hume
|
|
Batting: RHB Mike C Brown
|
0-0: Ball 1-0: Called Strike 1-1: Foul Ball, location: 2F 1-2: DOUBLE (Flyball, 8LXD, EV 95.0 MPH)
|
|
Batting: SHB Ron Oester
|
0-0: Intentional Walk
|
|
Batting: RHB Frank Hunsaker
|
0-0: Fielders Choice at 2nd, 3-6 (Groundball, 34S, EV 85.0 MPH) Mike C Brown to third
|
|
Batting: RHB Moose Haas
|
0-0: Called Strike 0-1: Called Strike 0-2: Ground out U3 (Groundball, 34S, EV 83.1 MPH) Frank Hunsaker to second
|
|
Batting: RHB Dan Gladden
|
0-0: Ball 1-0: SINGLE (Line Drive, 56D, EV 105.0 MPH) Mike C Brown scores Frank Hunsaker to third Runner from 3rd tries for Home, SAFE, throw by LF to home
|
|
Batting: SHB John Shelby
|
0-0: Called Strike 0-1: Foul Ball, location: 2F 0-2: Foul Ball, location: 2F 0-2: Strikes out swinging
|
| Top of the 8th over - 2 runs, 2 hits, 0 errors, 1 left on base; Pittsburgh 8 - Philadelphia 4 |
| BOTTOM OF THE 8TH |
|
Philadelphia Phillies batting - Pitching for Pittsburgh Pirates : RHP Moose Haas
|
|
Batting: RHB Andy Ramirez
|
0-0: Ball 1-0: Ball 2-0: Called Strike 2-1: Ground out 6-3 (Groundball, 6, EV 104.4 MPH)
|
|
Batting: LHB Tony Gwynn
|
0-0: Called Strike 0-1: Fly out, F4 (Line Drive, 4, EV 68.8 MPH)
|
|
Batting: LHB Ken Phelps
|
0-0: Swinging Strike 0-1: Foul Ball, location: 2F 0-2: Ball 1-2: Foul Ball, location: 2F 1-2: Foul Ball, location: 2F 1-2: SINGLE (Groundball, 34D, EV 107.5 MPH)
|
|
Batting: RHB Andre Dawson
|
0-0: Called Strike 0-1: Fielders Choice at 2nd, 6-4 (Groundball, 6, EV 85.0 MPH)
|
| Bottom of the 8th over - 0 runs, 1 hit, 0 errors, 1 left on base; Pittsburgh 8 - Philadelphia 4 |
| TOP OF THE 9TH |
|
Pittsburgh Pirates batting - Pitching for Philadelphia Phillies : RHP Tom Hume
|
|
Batting: RHB Rennie Stennett
|
0-0: Called Strike 0-1: Fly out, F9 (Flyball, 9S, EV 90.0 MPH)
|
|
Batting: LHB Robert Lopez
|
0-0: Ball 1-0: Ball 2-0: Called Strike 2-1: Ball 3-1: Base on Balls
|
|
Batting: LHB Greg Walker
|
0-0: Foul Ball, location: 2F 0-1: Ball 1-1: SINGLE (Groundball, 4MD, EV 96.9 MPH) Robert Lopez to second Runner from 2nd tries for 3rd, SAFE, throw by CF made to third
|
|
Batting: RHB Mike C Brown
|
0-0: Called Strike 0-1: Swinging Strike 0-2: Foul Ball, location: 2F 0-2: Strikes out swinging
|
|
Batting: SHB Ron Oester
|
0-0: Ball 1-0: Called Strike 1-1: Ball 2-1: Ball 3-1: Foul Ball, location: 2F 3-2: Ground out 5-3 (Groundball, 5, EV 101.9 MPH)
|
| Top of the 9th over - 0 runs, 1 hit, 0 errors, 2 left on base; Pittsburgh 8 - Philadelphia 4 |
| BOTTOM OF THE 9TH |
|
Philadelphia Phillies batting - Pitching for Pittsburgh Pirates : RHP Moose Haas
|
|
Pitching: RHP Mike Smithson
|
|
|
Batting: RHB Jody Davis
|
0-0: Swinging Strike 0-1: Fly out, F8 (Flyball, 8RD, EV 100.0 MPH)
|
|
Pinch Hitting: RHB Candy Maldonado
|
0-0: Foul Ball, location: 2F 0-1: Ball 1-1: SINGLE (Flyball, 7S, EV 96.3 MPH)
|
|
Batting: LHB Andy Guerrero
|
0-0: Ball 1-0: Called Strike 1-1: Ball 2-1: Foul Ball, location: 2F 2-2: Foul Ball, location: 2F 2-2: Foul Ball, location: 2F 2-2: Ball 3-2: Base on Balls Candy Maldonado to second
|
|
Batting: RHB Ivan de Jesus
|
0-0: Grounds into double play, 5-4-3 (Groundball, 5, EV 98.8 MPH)
|
| Bottom of the 9th over - 0 runs, 1 hit, 0 errors, 1 left on base; Pittsburgh 8 - Philadelphia 4 |
|